| TOP OF THE 1ST |
|
Mississippi Braves batting - Pitching for San Antonio Missions : RHP Juan Magdaleno
|
|
Pitching: RHP Juan Magdaleno
|
|
|
Batting: LHB Tsutomu Miyahara
|
0-0: Ground out U3 (Groundball, 3, EV 101.2 MPH)
|
|
Batting: RHB Hieronim Rutkowski
|
0-0: Ground out 4-3 (Groundball, 4, EV 95.0 MPH)
|
|
Batting: SHB Bob Morales
|
0-0: Ball 1-0: Called Strike 1-1: Ball 2-1: Foul Ball, location: 2F 2-2: Fly out, F8 (Flyball, 8RS, EV 85.6 MPH)
|
| Top of the 1st over - 0 runs, 0 hits, 0 errors, 0 left on base; Mississippi 0 - San Antonio 0 |
| BOTTOM OF THE 1ST |
|
San Antonio Missions batting - Pitching for Mississippi Braves : RHP Jeff Olech
|
|
Pitching: RHP Jeff Olech
|
|
|
Batting: LHB Sammy Roddenberry
|
0-0: Ground out 3-1 (Groundball, 34S, EV 83.8 MPH)
|
|
Batting: LHB David Seminario
|
0-0: Called Strike 0-1: Ball 1-1: Swinging Strike 1-2: Foul Ball, location: 2F 1-2: Foul Ball, location: 2F 1-2: Ball 2-2: Ball 3-2: Base on Balls
|
|
Batting: RHB Wally Cangro
|
0-0: Ball 1-0: Fly out, F8 (Flyball, 8RD, EV 106.9 MPH)
|
|
Batting: SHB Devin Hottenstein
|
0-0: Called Strike 0-1: Foul Ball, location: 2F 0-2: Ball 1-2: Strikes out swinging
|
| Bottom of the 1st over - 0 runs, 0 hits, 0 errors, 1 left on base; Mississippi 0 - San Antonio 0 |
| TOP OF THE 2ND |
|
Mississippi Braves batting - Pitching for San Antonio Missions : RHP Juan Magdaleno
|
|
Batting: LHB Oke Monti
|
0-0: Ball 1-0: Ball 2-0: Foul Ball, location: 2F 2-1: Foul Ball, location: 2F 2-2: Ball 3-2: Base on Balls
|
|
Batting: RHB Edgar Castillo
|
0-0: Ball 1-0: Ground out 4-3 (Groundball, 3D, EV 108.8 MPH) Oke Monti to second
|
|
Batting: LHB Luis Cruz
|
0-0: Ball 1-0: Fly out, F6 (Popup, 6S, EV 63.1 MPH)
|
|
Batting: RHB Mike Meeker
|
0-0: Ground out 6-3 (Groundball, 6, EV 86.9 MPH)
|
| Top of the 2nd over - 0 runs, 0 hits, 0 errors, 1 left on base; Mississippi 0 - San Antonio 0 |
| BOTTOM OF THE 2ND |
|
San Antonio Missions batting - Pitching for Mississippi Braves : RHP Jeff Olech
|
|
Batting: RHB Mike Maserang
|
0-0: Called Strike 0-1: Foul Ball, location: 2F 0-2: Strikes out swinging
|
|
Batting: RHB Jaden Scott
|
0-0: SINGLE (Line Drive, 4MD, EV 98.1 MPH)
|
|
Batting: RHB Joe Weissman
|
0-0: Called Strike 0-1: Ball Jaden Scott steals 2nd base (no throw) 1-1: Ball Jaden Scott steals 3rd base (no throw) 2-1: Foul Ball, location: 2F 2-2: DOUBLE (Line Drive, 78D, EV 111.2 MPH) Jaden Scott scores
|
|
Batting: SHB Olaf Zoeteman
|
0-0: Called Strike 0-1: Ball 1-1: Swinging Strike 1-2: Ball 2-2: Strikes out swinging
|
|
Batting: RHB Davey Verhoog
|
0-0: Called Strike 0-1: Swinging Strike 0-2: Hit by Pitch
|
|
Batting: LHB Sammy Roddenberry
|
0-0: Called Strike 0-1: Ball 1-1: Called Strike 1-2: Ball 2-2: Foul Ball, location: 2F 2-2: Ball 3-2: Ground out 6-3 (Groundball, 6, EV 79.4 MPH)
|
| Bottom of the 2nd over - 1 run, 2 hits, 0 errors, 2 left on base; Mississippi 0 - San Antonio 1 |
| TOP OF THE 3RD |
|
Mississippi Braves batting - Pitching for San Antonio Missions : RHP Juan Magdaleno
|
|
Batting: LHB Mike Tenorio
|
0-0: Swinging Strike 0-1: Called Strike 0-2: Strikes out looking
|
|
Batting: RHB Alex Velasquez
|
0-0: Swinging Strike 0-1: Ground out 1-3 (Groundball, P, EV 73.1 MPH)
|
|
Batting: LHB Tsutomu Miyahara
|
0-0: Ball 1-0: Ball 2-0: Ball 3-0: Foul Ball, location: 2F 3-1: Foul Ball, location: 2F 3-2: Strikes out swinging
|
| Top of the 3rd over - 0 runs, 0 hits, 0 errors, 0 left on base; Mississippi 0 - San Antonio 1 |
| BOTTOM OF THE 3RD |
|
San Antonio Missions batting - Pitching for Mississippi Braves : RHP Jeff Olech
|
|
Batting: LHB David Seminario
|
0-0: Foul Ball, location: 2F 0-1: Ball 1-1: Swinging Strike 1-2: Strikes out swinging
|
|
Batting: RHB Wally Cangro
|
0-0: Ball 1-0: Ground out 4-3 (Groundball, 34, EV 90.0 MPH)
|
|
Batting: SHB Devin Hottenstein
|
0-0: Ball 1-0: Called Strike 1-1: Swinging Strike 1-2: DOUBLE (Groundball, 3L, EV 97.5 MPH)
|
|
Batting: RHB Mike Maserang
|
0-0: Ground out 2-3 (Groundball, 2R, EV 72.5 MPH)
|
| Bottom of the 3rd over - 0 runs, 1 hit, 0 errors, 1 left on base; Mississippi 0 - San Antonio 1 |
| TOP OF THE 4TH |
|
Mississippi Braves batting - Pitching for San Antonio Missions : RHP Juan Magdaleno
|
|
Batting: RHB Hieronim Rutkowski
|
0-0: Called Strike 0-1: Called Strike 0-2: Foul Ball, location: 2F 0-2: Ball 1-2: Ground out 6-3 (Groundball, 56, EV 78.1 MPH)
|
|
Batting: SHB Bob Morales
|
0-0: Called Strike 0-1: Foul Ball, location: 2F 0-2: Foul Ball, location: 2F 0-2: Ball 1-2: Strikes out swinging
|
|
Batting: LHB Oke Monti
|
0-0: Ball 1-0: Foul Ball, location: 2F 1-1: Foul Ball, location: 2F 1-2: Ground out 4-3 (Groundball, 13, EV 83.1 MPH)
|
| Top of the 4th over - 0 runs, 0 hits, 0 errors, 0 left on base; Mississippi 0 - San Antonio 1 |
| BOTTOM OF THE 4TH |
|
San Antonio Missions batting - Pitching for Mississippi Braves : RHP Jeff Olech
|
|
Batting: RHB Jaden Scott
|
0-0: Called Strike 0-1: Foul Ball, location: 2F 0-2: Ball 1-2: Ball 2-2: Strikes out looking
|
|
Batting: RHB Joe Weissman
|
0-0: Foul Ball, location: 2F 0-1: Ground out 6-3 (Groundball, 6, EV 88.1 MPH)
|
|
Batting: SHB Olaf Zoeteman
|
0-0: Called Strike 0-1: Swinging Strike 0-2: Ball 1-2: Ball 2-2: Ball 3-2: SINGLE (Groundball, 5S, EV 69.4 MPH) (infield hit)
|
|
Batting: RHB Davey Verhoog
|
0-0: Fielders Choice at 2nd, 5-4 (Groundball, 5L, EV 85.0 MPH)
|
| Bottom of the 4th over - 0 runs, 1 hit, 0 errors, 1 left on base; Mississippi 0 - San Antonio 1 |
| TOP OF THE 5TH |
|
Mississippi Braves batting - Pitching for San Antonio Missions : RHP Juan Magdaleno
|
|
Batting: RHB Edgar Castillo
|
0-0: Called Strike 0-1: Ball 1-1: SINGLE (Groundball, 6MS, EV 85.0 MPH) (infield hit)
|
|
Batting: LHB Luis Cruz
|
0-0: Called Strike 0-1: Ball 1-1: Grounds out, U3 (Groundball, 3L, EV 90.6 MPH)
|
|
Batting: RHB Mike Meeker
|
0-0: Ball 1-0: Called Strike 1-1: Called Strike 1-2: Ball 2-2: Foul Ball, location: 2F 2-2: Foul Ball, location: 2F 2-2: Foul Ball, location: 2F 2-2: Strikes out swinging
|
|
Batting: LHB Mike Tenorio
|
0-0: Ball 1-0: Ball 2-0: Called Strike 2-1: Ball 3-1: Base on Balls
|
|
Batting: RHB Alex Velasquez
|
0-0: Foul Ball, location: 2F 0-1: Ball 1-1: Ground out 4-3 (Groundball, 4S, EV 71.9 MPH)
|
| Top of the 5th over - 0 runs, 1 hit, 0 errors, 2 left on base; Mississippi 0 - San Antonio 1 |
| BOTTOM OF THE 5TH |
|
San Antonio Missions batting - Pitching for Mississippi Braves : RHP Jeff Olech
|
|
Batting: LHB Sammy Roddenberry
|
0-0: TRIPLE (Flyball, 78XD, EV 103.8 MPH)
|
|
Batting: LHB David Seminario
|
0-0: Swinging Strike 0-1: Swinging Strike 0-2: Ball 1-2: Ball 2-2: Ball Wild Pitch! Sammy Roddenberry scores 3-2: Foul Ball, location: 2F 3-2: Ground out 5-3 (Groundball, 6, EV 83.8 MPH)
|
|
Batting: RHB Wally Cangro
|
0-0: Ball 1-0: Ball 2-0: Ground out 5-3 (Groundball, 56, EV 100.6 MPH)
|
|
Batting: SHB Devin Hottenstein
|
0-0: Ball 1-0: Fly out, F8 (Line Drive, 78M, EV 101.9 MPH)
|
| Bottom of the 5th over - 1 run, 1 hit, 0 errors, 0 left on base; Mississippi 0 - San Antonio 2 |
| TOP OF THE 6TH |
|
Mississippi Braves batting - Pitching for San Antonio Missions : RHP Juan Magdaleno
|
|
Batting: LHB Tsutomu Miyahara
|
0-0: Called Strike 0-1: Ground out U3 (Groundball, 23, EV 82.5 MPH)
|
|
Batting: RHB Hieronim Rutkowski
|
0-0: Ball 1-0: Called Strike 1-1: Ball 2-1: Ball 3-1: Foul Ball, location: 2F 3-2: Foul Ball, location: 2F 3-2: Ground out 4-3 (Groundball, 4, EV 94.4 MPH)
|
|
Batting: SHB Bob Morales
|
0-0: Fly out, F8 (Flyball, 8LM, EV 92.5 MPH)
|
| Top of the 6th over - 0 runs, 0 hits, 0 errors, 0 left on base; Mississippi 0 - San Antonio 2 |
| BOTTOM OF THE 6TH |
|
San Antonio Missions batting - Pitching for Mississippi Braves : RHP Jeff Olech
|
|
Batting: RHB Mike Maserang
|
0-0: Ball 1-0: Foul Ball, location: 2F 1-1: Foul Ball, location: 2F 1-2: Strikes out swinging
|
|
Batting: RHB Jaden Scott
|
0-0: Foul Ball, location: 2F 0-1: Called Strike 0-2: Strikes out swinging
|
|
Batting: RHB Joe Weissman
|
0-0: Ball 1-0: Called Strike 1-1: Ball 2-1: Foul Ball, location: 2F 2-2: Ball 3-2: SINGLE (Groundball, 4MD, EV 108.8 MPH)
|
|
Batting: SHB Olaf Zoeteman
|
0-0: Ball 1-0: Ground out 4-3 (Groundball, 4, EV 84.4 MPH)
|
| Bottom of the 6th over - 0 runs, 1 hit, 0 errors, 1 left on base; Mississippi 0 - San Antonio 2 |
| TOP OF THE 7TH |
|
Mississippi Braves batting - Pitching for San Antonio Missions : RHP Juan Magdaleno
|
|
Batting: LHB Oke Monti
|
0-0: Ball 1-0: Ball 2-0: Called Strike 2-1: Ground out 4-3 (Groundball, 4D, EV 96.9 MPH)
|
|
Batting: RHB Edgar Castillo
|
0-0: Foul Ball, location: 2F 0-1: Ball 1-1: Ball 2-1: Called Strike 2-2: SINGLE (Groundball, 4MD, EV 108.1 MPH)
|
|
Batting: LHB Luis Cruz
|
0-0: Ball 1-0: Ball 2-0: Swinging Strike Pickoff Throw to First - Error! E1 Edgar Castillo to second 2-1: Ball 3-1: Base on Balls
|
|
Pitching: RHP Manny Bailon
|
|
|
Batting: RHB Mike Meeker
|
0-0: Ball 1-0: Fielders Choice at 2nd, 6-4 (Groundball, 6, EV 85.0 MPH) Edgar Castillo to third
|
|
Batting: LHB Mike Tenorio
|
0-0: Ground out 4-3 (Groundball, 13, EV 87.5 MPH)
|
| Top of the 7th over - 0 runs, 1 hit, 1 error, 2 left on base; Mississippi 0 - San Antonio 2 |
| BOTTOM OF THE 7TH |
|
San Antonio Missions batting - Pitching for Mississippi Braves : RHP Jeff Olech
|
|
Batting: RHB Davey Verhoog
|
0-0: SINGLE (Flyball, 4D, EV 90.0 MPH)
|
|
Batting: LHB Sammy Roddenberry
|
0-0: Ball 1-0: Foul Ball, location: 2F 1-1: Sac Bunt to 15S - play at first, batter OUT! 1-3 Davey Verhoog to second
|
|
Batting: LHB David Seminario
|
0-0: Intentional Walk
|
|
Pitching: RHP Josh Thomas
|
|
|
Batting: RHB Wally Cangro
|
0-0: Called Strike 0-1: Foul Ball, location: 2F 0-2: Foul Ball, location: 2F 0-2: Ball 1-2: Ball 2-2: Ground out 4-3 (Groundball, 34D, EV 106.2 MPH) Davey Verhoog to third David Seminario to second
|
|
Batting: SHB Devin Hottenstein
|
0-0: Intentional Walk
|
|
Batting: RHB Mike Maserang
|
0-0: Called Strike 0-1: Ball 1-1: Swinging Strike 1-2: Foul Ball, location: 2F 1-2: Ground out 5-3 (Groundball, 56S, EV 85.6 MPH)
|
| Bottom of the 7th over - 0 runs, 1 hit, 0 errors, 3 left on base; Mississippi 0 - San Antonio 2 |
| TOP OF THE 8TH |
|
Mississippi Braves batting - Pitching for San Antonio Missions : RHP Manny Bailon
|
|
Batting: RHB Alex Velasquez
|
0-0: Foul Ball, location: 2F 0-1: Ball 1-1: Ball 2-1: Ball 3-1: Base on Balls
|
|
Batting: LHB Tsutomu Miyahara
|
0-0: Ball 1-0: Fielders Choice at 2nd, 4-6 (Groundball, 4, EV 85.0 MPH)
|
|
Batting: RHB Hieronim Rutkowski
|
0-0: Called Strike 0-1: Fly out, F3 (Line Drive, 3L, EV 62.5 MPH) Lined into DP, U3 (Line Drive, 3L, EV 67.5 MPH)
|
| Top of the 8th over - 0 runs, 0 hits, 0 errors, 0 left on base; Mississippi 0 - San Antonio 2 |
| BOTTOM OF THE 8TH |
|
San Antonio Missions batting - Pitching for Mississippi Braves : RHP Josh Thomas
|
|
Pitching: RHP Tim Kull
|
|
|
Batting: RHB Jaden Scott
|
0-0: Called Strike 0-1: Foul Ball, location: 2F 0-2: Ball 1-2: Fly out, F3 (Popup, 3SF, EV 75.0 MPH)
|
|
Batting: RHB Joe Weissman
|
0-0: Ball 1-0: Ground out 3-1 (Groundball, 34, EV 79.4 MPH)
|
|
Batting: SHB Olaf Zoeteman
|
0-0: Called Strike 0-1: Ball 1-1: Ground out 4-3 (Groundball, 34, EV 103.1 MPH)
|
| Bottom of the 8th over - 0 runs, 0 hits, 0 errors, 0 left on base; Mississippi 0 - San Antonio 2 |
| TOP OF THE 9TH |
|
Mississippi Braves batting - Pitching for San Antonio Missions : RHP Manny Bailon
|
|
Pitching: LHP Ed Valdez
|
|
|
Batting: SHB Bob Morales
|
0-0: Called Strike 0-1: Swinging Strike 0-2: Ground out U3 (Groundball, 34, EV 76.9 MPH)
|
|
Batting: LHB Oke Monti
|
0-0: Called Strike 0-1: Swinging Strike 0-2: Ball 1-2: Foul Ball, location: 2F 1-2: Ball 2-2: Fly out, F7 (Line Drive, 7, EV 96.9 MPH)
|
|
Batting: RHB Edgar Castillo
|
0-0: Ball 1-0: Called Strike 1-1: Foul Ball, location: 2F 1-2: Ball 2-2: Ball 3-2: Foul Ball, location: 2F 3-2: Ground out 4-3 (Groundball, 4, EV 91.9 MPH)
|
| Top of the 9th over - 0 runs, 0 hits, 0 errors, 0 left on base; Mississippi 0 - San Antonio 2 |
|